 Dungeon Crawl Stone Soup version 0.29-a0-998-g1987434951 (webtiles) character file.

Game seed: 14612848014300754028

4391 mathmaestro the Scholar of Death (level 10, 35/80 HPs)
             Began as a Demonspawn Necromancer on Aug 5, 2022.
             Was a Follower of Kikubaaqudgha.
             Quit the game on level 8 of the Dungeon.
             The game lasted 00:23:07 (9507 turns).

mathmaestro the Scholar of Death (DsNe)             Turns: 9507, Time: 00:23:08

Health: 35/80      AC: 18    Str:  9    XL:     10   Next: 13%
Magic:  3/21       EV: 11    Int: 20    God:    Kikubaaqudgha [*.....]
Gold:   118        SH:  5    Dex: 14    Spells: 9/24 levels left

rFire   . . .      SeeInvis +   m - +5 club (spect)
rCold   . . .      Faith    .   (no shield)
rNeg    . . .      Spirit   .   i - +1 leather armour
rPois   .          Reflect  +   (no helmet)
rElec   .          Harm     .   r - scarf {shadows}
rCorr   .          Rampage  .   a - +0 pair of gloves
Will    .....                   (boots unavailable)
Stlth   +++.......              w - amulet of Honut {Reflect SH+5 Stlth+}
HPRegen 0.23/turn               g - +4 ring of protection
MPRegen 0.17/turn               p - ring of see invisible

@: sanguine armoured
A: hooves 3, spiny 1, sanguine armour 2
a: Renounce Religion, Unearth Wretches


You were on level 8 of the Dungeon.
You worshipped Kikubaaqudgha.
Kikubaaqudgha was aware of your devotion.
You visited 2 branches of the dungeon, and saw 9 of its levels.
You also visited: Sewer.

You collected 326 gold pieces.
You spent 208 gold pieces at shops.

Inventory:

Hand Weapons
 h - a +0 hand axe
 m - a +5 spectral club (weapon)
 n - a +2 dagger of speed
 H - the +3 spear of Jingev {antimagic, rPois rF+++ rC- SInv}
   (You bought it in a shop on level 4 of the Dungeon)

   It reduces the magical energy of the wielder, and disrupts the spells and
   magical abilities of those it strikes.
   Natural abilities and divine invocations are not affected.
   rF:        It renders you almost immune to fire.
   rC:        It makes you vulnerable to cold.
   rPois:     It protects you from poison.
   SInv:      It lets you see invisible.
Missiles
 s - 13 boomerangs
Armour
 a - a +0 pair of gloves (worn)
 i - a +1 leather armour (worn)
 j - a +0 kite shield
 r - a scarf of shadows (worn)
Jewellery
 g - a +4 ring of protection (left hand)
 p - a ring of see invisible (right hand)
 u - a ring of willpower
 w - the amulet of Honut (around neck) {Reflect SH+5 Stlth+}
   (You found it on level 3 of the Dungeon)

   [amulet of reflection]

   It reflects blocked missile attacks.
   SH:        It affects your SH (+5).
   Stlth:     It makes you more stealthy.
 E - a ring of fire
 L - the ring "Ceozacs" {EV+4 Str+2 Int+3}
   (You found it on level 6 of the Dungeon)

   [ring of evasion]

   EV:        It affects your evasion (+4).
   Str:       It affects your strength (+2).
   Int:       It affects your intelligence (+3).
 M - a ring of flight
 N - a ring of willpower
Wands
 y - a wand of paralysis (3)
 z - a wand of digging (7)
 K - a wand of roots (6)
Scrolls
 d - 3 scrolls of identify
 o - 2 scrolls of teleportation
 q - a scroll of fear
 v - a scroll of fog {unknown}
 A - 4 scrolls of vulnerability
 C - 2 scrolls of enchant weapon {unknown}
 J - a scroll of enchant armour
Potions
 b - 2 potions of magic
 c - 3 potions of haste {unknown}
 e - 2 potions of attraction {unknown}
 f - 7 potions of curing
 k - 2 potions of berserk rage {unknown}
 l - a potion of mutation {unknown}
 t - 3 potions of invisibility {unknown}
 x - a potion of cancellation {unknown}
 B - 3 potions of brilliance {unknown}
 D - 2 potions of degeneration {unknown}
 F - 2 potions of flight {unknown}
 G - a potion of might {unknown}


   Skills:
 + Level 7.9 Fighting
 * Level 3.5 Armour
 - Level 2.0 Dodging
 - Level 2.0 Stealth
 + Level 7.6 Spellcasting
 + Level 9.8 Necromancy
 + Level 2.5 Evocations


You had 9 spell levels left.
You knew the following spells:

 Your Spells              Type           Power      Damage    Failure   Level
a - Necrotise             Necr           100%       1d9       1%          1
b - Vampiric Draining     Necr           47%        2d9       1%          3
c - Animate Dead          Necr           47%        N/A       1%          4
d - Agony                 Necr           47%        N/A       6%          5
e - Sublimation of Blood  Necr           47%        N/A       1%          2

Your spell library contained the following spells:

 Spells                   Type           Power      Damage    Failure   Level
 Foxfire                  Conj/Fire      28%        2x1d5     12%         1
 Freeze                   Ice            28%        1d5       12%         1
 Magic Dart               Conj           28%        1d4       12%         1
 Summon Small Mammal      Summ           28%        N/A       12%         1
 Call Imp                 Summ           7%         N/A       19%         2
 Conjure Flame            Conj/Fire      7%         6-21      36%         3
 Frozen Ramparts          Ice            14%        1d9       36%         3
 Ignite Poison            Fire/Tmut/Pois 7%         N/A       36%         3
 Inner Flame              Hex/Fire       7%         N/A       36%         3
 Mephitic Cloud           Conj/Pois/Air  7%         N/A       36%         3
 Flame Wave               Conj/Fire      7%         2d5       77%         4
 Hailstorm                Conj/Ice       7%         3d4       77%         4
 Ice Form                 Ice/Tmut       7%         N/A       77%         4
 Sticky Flame             Conj/Fire      7%         2d3       77%         4
 Summon Ice Beast         Ice/Summ       7%         N/A       77%         4
 Simulacrum               Ice/Necr       13%        N/A       94%         6
 Metabolic Englaciation   Hex/Ice        3%         N/A       98%         5


Dungeon Overview and Level Annotations

Branches:
Dungeon (8/15)             Temple (1/1) D:7           Sewer (visited)
   Lair: D:8-11

Altars:
Cheibriados
Gozag
Hepliaklqana
Kikubaaqudgha
Makhleb
Nemelex Xobeh
Okawaru
Ru
Sif Muna
Trog
Xom
Yredelemnul

Shops:
D:4 (   D:7 *


Innate Abilities, Weirdness & Mutations

You have hooves in place of feet.
You are partially covered in sharp spines.
When seriously injured, your blood forms thick armour. (AC +9)


Message History

Press: ? - help, Shift-Dir - straight line, f/p - Erica
Aim: Erica, wielding a +2 scimitar of flaming and wearing a +0 robe (heavily wounded, slightly transparent)
You draw life force from Erica!
You feel life coursing into your body.
You feel very sick. Erica barely misses you.
Unknown command.
Casting: Vampiric Draining (safe; 1% risk of failure)
Confirm with . or Enter, or press ? or * to list all spells.
You don't have enough magic to cast this spell.
Unknown command.
Unknown command.
Unknown command.
You feel better. Erica hits you but does no damage.
Unknown command.
You hit Erica but do no damage. Your kick misses Erica.
Erica is severely wounded.
Your +5 spectral club hits Erica!
You block Erica's attack.
Unknown command.
You barely miss Erica.
Erica is almost dead.
Your +5 spectral club misses Erica.
Erica misses you. Erica gestures at you while chanting.
The bolt of poison misses you.
Unknown command.
You hit Erica.
Erica is almost dead.
Your +5 spectral club misses Erica.
Erica closely misses you.
Unknown command.
You hit Erica. You kick Erica.
You kill Erica!
Kikubaaqudgha accepts your kill.
Your Armour skill increases to level 3!
You have reached level 10!
Your demonic ancestry asserts itself...
Sharp spines emerge from parts of your body.
e - 2 lumpy green potions (gained 1)
Things that are here:
a +2 scimitar of flaming; a +0 robe Unknown command.
Are you sure you want to abandon this character and quit the game? (Confirm with "yes".)

......## ##.## ##....
#......#####...#####.....
#.#......................
.##..#......)..............
............)).............
.......)....).....[........
.......)....)).............
#......))..)........##.....
####.#...)@................
#.......................
#........)....#########.
#..............# #.
...............# #.
...............# #.
.#.##.#......# #.
#..#.....# # .......#


There were no monsters in sight!

Vanquished Creatures
  Erica (D:8)
  Maggie (D:6)
  Grinder (D:4)
  A steam dragon (D:5)
  2 vampire mosquitoes (D:6)
  Edmund (D:5)
  Menkaure (D:4)
  A water moccasin (D:7)
  2 orc warriors (D:8)
  An ogre (D:8)
  2 ice beasts
  2 centaurs
  A phantom (D:6)
  2 bullfrogs
  5 scorpions
  5 howler monkeys
  An electric eel (D:6)
  A hound (D:6)
  4 jellies
  Crazy Yiuf (D:7)
  5 orc priests
  Jessica (D:2)
  2 iguanas (D:5)
  5 orc wizards
  A hell rat (Sewer)
  6 gnolls
  10 adders
  A river rat (Sewer)
  An ufetubus (D:6)
  2 worms
  3 dart slugs
  56 orcs
  8 ball pythons
  5 bats
  8 endoplasms
  4 giant cockroaches
  6 goblins
  10 hobgoblins
  5 kobolds
  4 quokkas
  4 frilled lizards
  13 rats
196 creatures vanquished.

Vanquished Creatures (collateral kills)
  An orc warrior (D:7)
  2 bullfrogs (D:7)
  A scorpion (D:5)
  A howler monkey (D:5)
  An orc wizard (D:7)
  A gnoll (D:5)
  9 orcs
  A ball python (D:2)
17 creatures vanquished.

Vanquished Creatures (others)
  A bullfrog zombie (D:7)
  A scorpion zombie (D:5)
  A howler monkey zombie (D:5)
  A gnoll zombie (D:5)
  8 orc zombies
  48 plants
60 creatures vanquished.

Grand Total: 273 creatures vanquished

Notes
Turn   | Place    | Note
-------+----------+-------------------------------------------
     0 | D:1      | mathmaestro the Demonspawn Necromancer began the quest for
                  | the Orb.
     0 | D:1      | Reached XP level 1. HP: 13/13 MP: 3/3
   275 | D:1      | Gained mutation: You have large cloven feet. [demonic
                  | ancestry]
   275 | D:1      | Reached XP level 2. HP: 20/20 MP: 0/5
   817 | D:1      | Reached skill level 1 in Fighting
  1150 | D:1      | Gained mutation: You have hoof-like feet. [demonic
                  | ancestry]
  1150 | D:1      | Reached XP level 3. HP: 26/26 MP: 3/6
  1212 | D:1      | Learned a level 3 spell: Vampiric Draining
  1868 | D:2      | Noticed Jessica
  1872 | D:2      | Killed Jessica
  1873 | D:2      | Reached skill level 5 in Necromancy
  1873 | D:2      | Reached XP level 4. HP: 33/33 MP: 4/8
  2072 | D:2      | Found a hazy altar of Hepliaklqana.
  2259 | D:2      | Learned a level 4 spell: Animate Dead
  2919 | D:3      | Gained mutation: When seriously injured, your blood forms
                  | armour. (AC +9) [demonic ancestry]
  2919 | D:3      | Reached XP level 5. HP: 32/39 MP: 6/9
  3396 | D:3      | Identified the amulet of Honut {Reflect SH+5 Stlth+}
  4235 | D:4      | Found Toemepoo's Antique Weapon Boutique.
  4254 | D:4      | Found a glowing drain.
  4265 | Sewer    | Entered a sewer
  4827 | D:4      | Reached XP level 6. HP: 42/47 MP: 11/11
  4887 | D:4      | Noticed Menkaure
  4893 | D:4      | Killed Menkaure
  4894 | D:4      | Reached skill level 6 in Necromancy
  4973 | D:4      | Reached XP level 7. HP: 53/53 MP: 8/13
  5106 | D:4      | Noticed Grinder
  5112 | D:4      | Killed Grinder
  5423 | D:4      | Bought a bloodstained spear for 160 gold pieces
  5423 | D:4      | Identified the +3 spear of Jingev {antimagic, rPois rF+++
                  | rC- SInv} (You bought it in a shop on level 4 of the
                  | Dungeon)
  5439 | D:5      | Entered Level 5 of the Dungeon
  5545 | D:5      | Reached skill level 5 in Spellcasting
  5545 | D:5      | Reached skill level 7 in Necromancy
  5584 | D:5      | Noticed Edmund
  5597 | D:5      | Killed Edmund
  5598 | D:5      | Reached skill level 5 in Fighting
  5598 | D:5      | Gained mutation: You have hooves in place of feet. [demonic
                  | ancestry]
  5598 | D:5      | Reached XP level 8. HP: 49/62 MP: 8/15
  5876 | D:5      | Reached skill level 8 in Necromancy
  6764 | D:5      | Found a sparkling altar of Nemelex Xobeh.
  6860 | D:6      | Identified the ring "Ceozacs" {EV+4 Str+2 Int+3}
  7328 | D:6      | Gained mutation: When seriously injured, your blood forms
                  | thick armour. (AC +9) [demonic ancestry]
  7328 | D:6      | Reached XP level 9. HP: 62/71 MP: 16/18
  7501 | D:6      | Noticed Maggie
  7508 | D:6      | Killed Maggie
  7509 | D:6      | Reached skill level 9 in Necromancy
  8003 | D:6      | Noticed an angel
  8011 | D:6      | Learned a level 5 spell: Agony
  8110 | D:7      | Found a shimmering blue altar of Sif Muna.
  8229 | D:7      | Found a bloodstained altar of Trog.
  8282 | D:7      | Found a hazy altar of Hepliaklqana.
  8458 | D:7      | Found a runed translucent door.
  8459 | D:7      | Noticed Crazy Yiuf
  8468 | D:7      | Killed Crazy Yiuf
  8606 | D:7      | Reached skill level 1 in Armour
  8652 | D:7      | Reached skill level 1 in Evocations
  8665 | D:7      | Found a staircase to the Ecumenical Temple.
  8672 | D:7      | Got Hecuemn's Compendium of Collective Cold
  8800 | D:7      | Found Disk's Assorted Antiques.
  8803 | D:7      | Bought a metallic amethyst potion for 24 gold pieces
  8803 | D:7      | Bought a bubbling blue potion for 24 gold pieces
  8953 | Temple   | Entered the Ecumenical Temple
  9203 | Temple   | Became a worshipper of Kikubaaqudgha
  9395 | D:8      | Reached * piety under Kikubaaqudgha
  9395 | D:8      | Received a gift from Kikubaaqudgha
  9401 | D:8      | Learned a level 2 spell: Sublimation of Blood
  9487 | D:8      | Noticed Erica
  9504 | D:8      | Killed Erica
  9505 | D:8      | Gained mutation: You are partially covered in sharp spines.
                  | [demonic ancestry]
  9505 | D:8      | Reached XP level 10. HP: 35/80 MP: 2/21
  9507 | D:8      | Quit the game

Illustrated notes

Levels and vault maps discovered:
D:1:      dpeg_arrival_short_road, layout_basic, minmay_unequal
D:2:      layout_rooms, basic_altar, corexii_item_surrounded_by_moat,
          uniq_jessica
D:3:      layout_basic
D:4:      minmay_wonky_spiral, layout_loops_ring, serial_shops,
          nicolae_stop_n_shop_1, portal_sewer_entry_a, uniq_menkaure,
          uniq_grinder
D:5:      minmay_evil_eye, layout_loops_ring, marbit_many_paths, uniq_edmund
D:6:      layout_loops_ring, zin_angel, serial_bayou_lake_a, uniq_maggie
D:7:      layout_basic, mainiacjoe_overflow_tiny_flanked,
          nicolae_hepliaklqana_hazy_memory, lemuel_tele_altar, temple_hall,
          serial_shops, kennysheep_mini, uniq_crazy_yiuf_cottage
D:8:      layout_rooms, grunt_temple_overflow_cloverleaf, david_lair_shrubbed,
          special_room [special_room_orc], kennysheep_generic_room_7, uniq_erica
Temple:   dpeg_chambers_temple

Skill      XL: |  1  2  3  4  5  6  7  8  9 |
---------------+----------------------------+-----
Stealth        | 2 |  2.0
Dodging        | 2 |  2.0
Fighting       | 1 2 3 5 6 7 |  7.9
Necromancy     | 5 6 7 8 9 |  9.8
Spellcasting   | 3 4 5 6 7 |  7.6
Armour         | 3 |  3.5
Evocations     | 2 |  2.5

Action                   |  1- 3 |  4- 6 |  7- 9 | 10-12 || total
-------------------------+-------+-------+-------+-------++-------
Melee: Dagger            |    14 |       |       |       ||    14
       Kick              |     2 |    24 |    68 |       ||    94
       Club              |       |    53 |   214 |       ||   267
       Punch             |       |     1 |     3 |       ||     4
 Cast: Necrotise         |    56 |    65 |    42 |       ||   163
       Vampiric Draining |       |     5 |    28 |       ||    33
       Animate Dead      |       |       |     3 |       ||     3
Evoke: Wand              |       |     2 |     3 |       ||     5
  Use: Scroll            |       |     8 |       |       ||     8
       Potion            |       |       |     3 |       ||     3
 Stab: Sleeping          |     5 |     4 |     5 |       ||    14
       Paralysed         |       |     2 |       |       ||     2
       Distracted        |       |       |     3 |       ||     3
Armor: Robe              |     6 |       |       |       ||     6
       Leather armour    |       |    19 |    92 |       ||   111
Dodge: Dodged            |    17 |    26 |   187 |       ||   230
Block: Other             |       |     3 |    69 |       ||    72

Table legend: (Time is in decaauts)
 A = Elapsed time spent in this place.
 B = Non-inter-level travel time spent in this place.
 C = Inter-level travel time spent in this place.
 D = Time resting spent in this place.
 E = Time spent auto-exploring this place.
 F = Levels seen in this place.
 G = Mean time per level.
                   A        B        C        D        E       F      G
               +--------+--------+--------+--------+--------+-----+--------+
         Total |   9629 |   9163 |    466 |   1686 |   5789 |  10 |  962.9 |
       Dungeon |   9231 |   8844 |    387 |   1686 |   5536 |   8 | 1153.9 |
        Temple |    277 |    198 |     79 |      0 |    187 |   1 |  277.0 |
         Sewer |    120 |    120 |      0 |      0 |     65 |   1 |  120.0 |
               +--------+--------+--------+--------+--------+-----+--------+

Top non-repeatable levels by time:
     D:1: 1785 daAuts
     D:5: 1635 daAuts
     D:3: 1356 daAuts
     D:4: 1267 daAuts
     D:6: 1074 daAuts
     D:2: 966 daAuts
     D:7: 901 daAuts
  Temple: 277 daAuts
     D:8: 243 daAuts
   Sewer: 120 daAuts
